 Dungeon Crawl Stone Soup version 0.20.0-1-g1cb1d84 (webtiles) character file.

788 KiwiOfAdowableness the Thaumaturge (level 7, 0/36 HPs)
             Began as a Deep Elf Fire Elementalist on May 26, 2017.
             Was a Believer of Vehumet.
             Slain by a hornet zombie (3 damage)
             ... on level 5 of the Dungeon.
             The game lasted 00:24:09 (4578 turns).

KiwiOfAdowableness the Thaumaturge (DEFE)           Turns: 4578, Time: 00:24:10

Health: 0/36       AC:  4    Str:  4 (5)  XL:     7   Next: 56%
Magic:  14/21      EV: 12    Int: 22      God:    Vehumet [**....]
Gold:   215        SH:  0    Dex: 14 (15) Spells: 15/23 levels left

rFire    . . .     SeeInvis .   u - +0 spear
rCold    . . .     Gourm    .   (no shield)
rNeg     + + .     Faith    +   r - +2 robe {rN+}
rPois    .         Spirit   .   (no helmet)
rElec    .         Reflect  .   (no cloak)
rCorr    .         Harm     .   (no gloves)
MR       .....                  (no boots)
Stlth    ++++......             l - amulet of faith
Regen    0.2/turn               p - ring of positive energy
MPRegen  0.2/turn               D - ring of Shadows {Umbra +Inv Stlth+}

@: wreathed by umbra, heavily drained
A: deterioration 1
a: Renounce Religion, Evoke Invisibility


You were on level 5 of the Dungeon.
You worshipped Vehumet.
Vehumet was pleased with you.
You were very hungry.

You visited 2 branches of the dungeon, and saw 6 of its levels.
You also visited: Ossuary.

You collected 215 gold pieces.

Inventory:

Hand Weapons
 g - a +1 vampiric dagger
 u - a +0 spear (weapon)
Armour
 r - a +2 robe of positive energy (worn)
Jewellery
 f - an uncursed ring of flight {unknown}
 l - an amulet of faith (around neck)
 p - a ring of positive energy (left hand)
 D - the ring of Shadows (right hand) {Umbra +Inv Stlth+}
   (You found it on level 4 of the Dungeon)

   [ring of stealth]

   It lets you turn invisible.
   It makes you more stealthy.
Wands
 n - a wand of digging (18/24)
Scrolls
 a - 2 scrolls of fear
 d - 2 scrolls of enchant armour
 k - 4 scrolls of remove curse
 m - a scroll of teleportation
 o - a scroll of recharging {unknown}
 s - a scroll of blinking {unknown}
 v - a scroll of random uselessness {unknown}
Potions
 e - a potion of might
 i - 3 potions of berserk rage {unknown}
 t - 4 potions of heal wounds {unknown}
 w - 4 potions of curing {unknown}
 x - 2 potions of haste {unknown}
 A - 2 potions of flight
 B - a potion of agility {unknown}
 C - a potion of invisibility {unknown}
Books
 b - a book of Flames

   Spells                             Type                      Level
   a - Flame Tongue                   Conjuration/Fire             1
   b - Throw Flame                    Conjuration/Fire             2
   c - Conjure Flame                  Conjuration/Fire             3
   d - Inner Flame                    Hexes/Fire                   3
   e - Sticky Flame                   Conjuration/Fire             4
   f - Fireball                       Conjuration/Fire             5
Comestibles
 c - 3 bread rations
 q - a meat ration


   Skills:
 - Level 2.4(0.9) Dodging
 - Level 2.4(0.9) Stealth
 - Level 8.9(7.2) Spellcasting
 + Level 6.0(4.4) Conjurations
 - Level 3.2(1.7) Fire Magic


You had 15 spell levels left.
You knew the following spells:

 Your Spells              Type           Power        Failure   Level  Hunger
a - Flame Tongue          Conj/Fire      ###..        2%          1    None
c - Conjure Flame         Conj/Fire      ###.....     7%          3    None
d - Sticky Flame          Conj/Fire      ###.....     22%         4    ###....


Dungeon Overview and Level Annotations

Branches:
Dungeon (5/15)             Temple (1/1) D:4

Altars:
Cheibriados
Dithmenos
Elyvilon
Fedhas
Gozag
Hepliaklqana
Nemelex Xobeh
Okawaru
Qazlal
Ru
Trog
Vehumet
Xom
Yredelemnul
The Shining One

Annotations:
D:4 NicuTudor's ghost, amateur DsWn
D:5 Dowan


Innate Abilities, Weirdness & Mutations

Your body sometimes deteriorates upon taking damage.


Message History

The orc is severely wounded.
The hornet zombie burns!
The orc barely misses you.
The hornet zombie completely misses you.
Casting: Flame Tongue
Confirm with . or Enter, or press ? or * to list all spells.
Aiming: Flame Tongue
Press: ? - help, Shift-Dir - straight line, f/p - orc
Aim: an orc, wielding a flail and wearing a runed ring mail (severely wounded, umbra)
The flame tongue misses the orc.
The flame tongue hits the orc wizard.
The orc wizard is heavily wounded.
The hornet zombie burns!
The hornet zombie hits you. The orc hits you with a dagger.
The hornet zombie hits you!
* * * LOW HITPOINT WARNING * * *
Your body deteriorates!
You feel clumsy.
Unknown command.
Okay, then.
The hornet zombie burns!
The orc wizard hits you with a dagger.
* * * LOW HITPOINT WARNING * * *
The hornet zombie hits you.
You die...

.#.. ...# ..#
#####o## # .....$#
#.....#
######..######.....#
...............ooZ.#
#######.#######o@..#
###### #


You could see 2 orc wizards, 2 orcs and a hornet zombie (burning).

Vanquished Creatures
  An elf zombie (Ossuary)
  3 centaur zombies (Ossuary)
  A bullfrog skeleton (D:4)
  A human zombie (Ossuary)
  Jessica (D:3)
  2 iguanas (D:4)
  2 orc wizards (D:3)
  2 worker ants
  2 ogre zombies (Ossuary)
  7 mummies (Ossuary)
  11 adders
  3 oozes
  4 adder zombies (Ossuary)
  2 worms
  3 dart slugs
  6 leopard geckos
  12 orcs
  8 bats
  8 giant cockroaches
  A gnoll zombie (Ossuary)
  4 goblins
  6 hobgoblins
  6 jackals
  6 kobolds
  3 quokkas (D:3)
  4 frilled lizards
  2 goblin zombies (Ossuary)
  3 hobgoblin zombies (Ossuary)
  4 kobold zombies (Ossuary)
  A leopard gecko skeleton (D:4)
  A quokka skeleton (D:4)
  5 quokka zombies (Ossuary)
  10 rats
  4 rat zombies (Ossuary)
139 creatures vanquished.

Notes
Turn   | Place    | Note
-------+----------+-------------------------------------------
     0 | D:1      | KiwiOfAdowableness the Deep Elf Fire Elementalist began the quest for the Orb.
     0 | D:1      | Reached XP level 1. HP: 10/10 MP: 6/6
   257 | D:1      | Reached skill level 4 in Spellcasting
   257 | D:1      | Reached XP level 2. HP: 15/15 MP: 3/9
   554 | D:1      | Reached XP level 3. HP: 19/19 MP: 7/11
   772 | D:2      | Reached skill level 5 in Spellcasting
   846 | D:2      | Learned a level 3 spell: Conjure Flame
  1023 | D:2      | Reached XP level 4. HP: 24/24 MP: 8/13
  1084 | D:2      | Reached skill level 6 in Spellcasting
  1668 | D:3      | Reached skill level 7 in Spellcasting
  1668 | D:3      | Reached XP level 5. HP: 21/28 MP: 12/16
  1919 | D:3      | Noticed Jessica
  1925 | D:3      | Killed Jessica
  1925 | D:3      | Reached skill level 8 in Spellcasting
  2142 | D:3      | Reached XP level 6. HP: 25/32 MP: 11/19
  2148 | D:3      | Learned a level 4 spell: Sticky Flame
  2148 | D:3      | Found a snail-covered altar of Cheibriados.
  2594 | D:4      | Found a staircase to the Ecumenical Temple.
  2606 | Temple   | Entered the Ecumenical Temple
  2614 | Temple   | Became a worshipper of Vehumet
  2779 | D:4      | Noticed NicuTudor's ghost (amateur DsWn)
  3194 | D:4      | Found a sand-covered staircase.
  3201 | Ossuary  | Entered an ossuary
  3431 | Ossuary  | Reached XP level 7. HP: 30/36 MP: 6/21
  3434 | Ossuary  | Reached * piety under Vehumet
  3434 | Ossuary  | Offered knowledge of Freeze by Vehumet.
  3688 | Ossuary  | Reached skill level 5 in Conjurations
  4072 | Ossuary  | Offered knowledge of Sting by Vehumet.
  4088 | Ossuary  | Reached ** piety under Vehumet
  4293 | D:5      | Entered Level 5 of the Dungeon
  4299 | D:5      | Got an ancient robe
  4310 | D:5      | Identified the cursed -5 robe of Misfortune {-Cast *Contam *Tele *Drain EV-5 Stlth-- *Curse} (You found it on level 5 of the Dungeon)
  4343 | D:4      | Gained mutation: Your body sometimes deteriorates upon taking damage. [mutagenic glow]
  4400 | D:4      | Found a white marble altar of Elyvilon.
  4456 | D:5      | Noticed Dowan
  4578 | D:5      | Slain by a hornet zombie

Skill      XL: |  1  2  3  4  5  6  7 |
---------------+----------------------+-----
Spellcasting   | 4 5 7 8 |  8.9
Conjurations   | 4 6 |  6.0
Dodging        | |  2.4
Stealth        | |  2.4
Fire Magic     | |  3.2

Action                   |  1- 3 |  4- 6 |  7- 9 || total
-------------------------+-------+-------+-------++-------
Melee: Unarmed           |     1 |     1 |       ||     2
       Spear             |       |    46 |     4 ||    50
 Cast: Flame Tongue      |    50 |   169 |    86 ||   305
       Sticky Flame      |       |     2 |     6 ||     8
       Conjure Flame     |       |     2 |     1 ||     3
  Use: Potion            |       |     3 |       ||     3
       Scroll            |       |       |     7 ||     7
 Stab: Sleeping          |       |     1 |     2 ||     3
  Eat: Chunk             |       |     5 |     1 ||     6
       Bread ration      |       |     1 |       ||     1
Armor: Robe              |     2 |    16 |    10 ||    28
       Skin              |       |     3 |       ||     3
Dodge: Dodged            |    15 |    78 |    39 ||   132
